PBL
NEW JERSEY DEVILS @ CANTON INDIANS
05/12/2048
 
TOP OF THE 1ST
New Jersey Devils batting - Pitching for Canton Indians : LHP Mario Roman
Pitching: LHP Mario Roman
Batting: SHB Ernesto Mazas 0-0: Ball
1-0: Called Strike
1-1: Foul Ball, location: 2F
1-2: Ball
2-2: Fly out, F7 (Line Drive, 78S, EV 103.1 MPH)
Batting: RHB Jacob Olander 0-0: Reached on error, E5 (Groundball, 56S, EV 63.1 MPH)
Batting: RHB Warren Carmichael 0-0: Ball
1-0: Ball
2-0: Fly out, F8 (Flyball, 8RS, EV 83.1 MPH)
Batting: LHB Randolph Brodbeck 0-0: Ball
1-0: Ground out 4-3 (Groundball, 4, EV 96.2 MPH)
Top of the 1st over - 0 runs, 0 hits, 1 error, 1 left on base; New Jersey 0 - Canton 0
BOTTOM OF THE 1ST
Canton Indians batting - Pitching for New Jersey Devils : RHP Mark Johnson
Pitching: RHP Mark Johnson
Batting: RHB Xavier Bartolani 0-0: Called Strike
0-1: Ball
1-1: Foul Ball, location: 2F
1-2: Foul Ball, location: 2F
1-2: Fly out, F8 (Flyball, 8LM, EV 79.4 MPH)
Batting: RHB Willie Toral 0-0: Called Strike
0-1: Ground out 4-3 (Groundball, 4, EV 88.8 MPH)
Batting: RHB Rob Marti 0-0: Called Strike
0-1: Swinging Strike
0-2: Ball
1-2: Ground out U3 (Groundball, 34, EV 83.8 MPH)
Bottom of the 1st over - 0 runs, 0 hits, 0 errors, 0 left on base; New Jersey 0 - Canton 0
TOP OF THE 2ND
New Jersey Devils batting - Pitching for Canton Indians : LHP Mario Roman
Batting: RHB Craig Alvarado 0-0: Ball
1-0: Ball
2-0: Ball
3-0: Base on Balls
Batting: LHB Rick Vallis 0-0: Ball
1-0: Called Strike
1-1: Ball
Craig Alvarado is caught stealing 2nd base 2-6
2-1: Ball
3-1: Called Strike
3-2: Strikes out swinging
Batting: RHB Sergio Andrada 0-0: Swinging Strike
0-1: Foul Ball, location: 2F
0-2: Ball
1-2: Ball
2-2: Strikes out swinging, 2-3 out at first.
Top of the 2nd over - 0 runs, 0 hits, 0 errors, 0 left on base; New Jersey 0 - Canton 0
BOTTOM OF THE 2ND
Canton Indians batting - Pitching for New Jersey Devils : RHP Mark Johnson
Batting: SHB Bob Ledlow 0-0: Called Strike
0-1: Foul Ball, location: 2F
0-2: Strikes out swinging
Batting: RHB Tony Gonzales 0-0: Ball
1-0: Foul Ball, location: 2F
1-1: Foul Ball, location: 2F
1-2: Ball
2-2: SINGLE (Line Drive, 5D, EV 97.5 MPH)
Batting: SHB Ryan Donohoe 0-0: Swinging Strike
0-1: Ball
1-1: Ball
2-1: Swinging Strike
2-2: Strikes out swinging
Batting: LHB Jason Kessler 0-0: Ball
1-0: Fielders Choice at 2nd, U4 (Groundball, 4M, EV 78.1 MPH)
Bottom of the 2nd over - 0 runs, 1 hit, 0 errors, 1 left on base; New Jersey 0 - Canton 0
TOP OF THE 3RD
New Jersey Devils batting - Pitching for Canton Indians : LHP Mario Roman
Batting: RHB Oscar Ramirez 0-0: Swinging Strike
0-1: Ball
1-1: Ball
2-1: Ground out 5-3 (Groundball, 56S, EV 61.9 MPH)
Batting: LHB Matt Reynolds 0-0: Ball
1-0: Foul Ball, location: 2F
1-1: Foul Ball, location: 2F
1-2: Strikes out swinging
Batting: SHB Ernesto Mazas 0-0: Ball
1-0: Fly out, F9 (Flyball, 89M, EV 84.4 MPH)
Top of the 3rd over - 0 runs, 0 hits, 0 errors, 0 left on base; New Jersey 0 - Canton 0
BOTTOM OF THE 3RD
Canton Indians batting - Pitching for New Jersey Devils : RHP Mark Johnson
Batting: RHB Ryan Paquette 0-0: Ball
1-0: Ball
2-0: Called Strike
2-1: Foul Ball, location: 2F
2-2: Ball
3-2: Fly out, F9 (Flyball, 89S, EV 88.8 MPH)
Batting: SHB Jose Abreu 0-0: Ball
1-0: Foul Ball, location: 2F
1-1: Foul Ball, location: 2F
1-2: Ball
2-2: Ball
3-2: Foul Ball, location: 2F
3-2: Strikes out swinging
Batting: RHB Xavier Bartolani 0-0: Ball
1-0: Swinging Strike
1-1: Ground out 5-3 (Groundball, 56, EV 80.6 MPH)
Bottom of the 3rd over - 0 runs, 0 hits, 0 errors, 0 left on base; New Jersey 0 - Canton 0
TOP OF THE 4TH
New Jersey Devils batting - Pitching for Canton Indians : LHP Mario Roman
Batting: RHB Jacob Olander 0-0: Foul Ball, location: 2F
0-1: Ball
1-1: Called Strike
1-2: Ball
2-2: Ball
3-2: Base on Balls
Batting: RHB Warren Carmichael 0-0: Ball
1-0: Swinging Strike
1-1: Swinging Strike
1-2: Ball
2-2: Strikes out swinging
Batting: LHB Randolph Brodbeck 0-0: Fielders Choice at 2nd, 4-6 (Groundball, 4, EV 76.9 MPH)
Batting: RHB Craig Alvarado 0-0: Foul Ball, location: 2F
0-1: Ball
1-1: Ball
2-1: Ball
3-1: Base on Balls
Randolph Brodbeck to second
Batting: LHB Rick Vallis 0-0: DOUBLE (Line Drive, 7LD, EV 102.5 MPH)
Randolph Brodbeck scores
Craig Alvarado to third
Runner from 3rd tries for Home, SAFE, throw by LF to trailing runner, OUT at third! 7-3-5
Top of the 4th over - 2 runs, 1 hit, 0 errors, 0 left on base; New Jersey 2 - Canton 0
BOTTOM OF THE 4TH
Canton Indians batting - Pitching for New Jersey Devils : RHP Mark Johnson
Batting: RHB Willie Toral 0-0: Ball
1-0: Ground out 5-3 (Groundball, 5, EV 106.9 MPH)
Batting: RHB Rob Marti 0-0: Called Strike
0-1: TRIPLE (Flyball, 78XD, EV 111.9 MPH)
Batting: SHB Bob Ledlow 0-0: Called Strike
0-1: Swinging Strike
0-2: Ball
1-2: Strikes out swinging
Batting: RHB Tony Gonzales 0-0: Ball
1-0: Called Strike
1-1: Ball
2-1: Fly out, F8 (Flyball, 8RM, EV 80.6 MPH)
Bottom of the 4th over - 0 runs, 1 hit, 0 errors, 1 left on base; New Jersey 2 - Canton 0
TOP OF THE 5TH
New Jersey Devils batting - Pitching for Canton Indians : LHP Mario Roman
Batting: RHB Sergio Andrada 0-0: Called Strike
0-1: Ball
1-1: Fly out, F8 (Flyball, 8RS, EV 76.9 MPH)
Batting: RHB Oscar Ramirez 0-0: Foul Ball, location: 2F
0-1: Foul Ball, location: 2F
0-2: Strikes out swinging
Batting: LHB Matt Reynolds 0-0: Ball
1-0: Ball
2-0: SOLO HOME RUN (Line Drive, 9D, EV 97.5 MPH), Distance : 400 ft
Batting: SHB Ernesto Mazas 0-0: Ball
1-0: Foul Ball, location: 2F
1-1: DOUBLE (Flyball, 8LXD, EV 105.0 MPH)
Batting: RHB Jacob Olander 0-0: Called Strike
0-1: Foul Ball, location: 2F
0-2: Ball
1-2: Strikes out swinging
Top of the 5th over - 1 run, 2 hits, 0 errors, 1 left on base; New Jersey 3 - Canton 0
BOTTOM OF THE 5TH
Canton Indians batting - Pitching for New Jersey Devils : RHP Mark Johnson
Batting: SHB Ryan Donohoe 0-0: Ball
1-0: Fly out, F8 (Flyball, 78D, EV 95.0 MPH)
Batting: LHB Jason Kessler 0-0: Ball
1-0: Ball
2-0: Ball
3-0: Called Strike
3-1: Called Strike
3-2: Base on Balls
Batting: RHB Ryan Paquette 0-0: Called Strike
0-1: Ball
1-1: Ball
2-1: SINGLE (Groundball, 6MD, EV 98.1 MPH)
Jason Kessler to second
Runner from 2nd tries for 3rd, OUT! 8-5
Batting: SHB Jose Abreu 0-0: Called Strike
0-1: Ball
1-1: Foul Ball, location: 2F
1-2: SINGLE (Line Drive, 4MD, EV 97.5 MPH)
Ryan Paquette to second
Runner from 2nd tries for 3rd, OUT! 8-5
Bottom of the 5th over - 0 runs, 2 hits, 0 errors, 1 left on base; New Jersey 3 - Canton 0
TOP OF THE 6TH
New Jersey Devils batting - Pitching for Canton Indians : LHP Mario Roman
Batting: RHB Warren Carmichael 0-0: Called Strike
0-1: Ball
1-1: Foul Ball, location: 2F
1-2: Fly out, F8 (Flyball, 8RXD, EV 93.8 MPH)
Batting: LHB Randolph Brodbeck 0-0: Foul Ball, location: 2F
0-1: Swinging Strike
0-2: Strikes out looking
Batting: RHB Craig Alvarado 0-0: Ball
1-0: Ball
2-0: Ball
3-0: Called Strike
3-1: Foul Ball, location: 2F
3-2: Base on Balls
Batting: LHB Rick Vallis 0-0: Hit by Pitch
Craig Alvarado to second
Batting: RHB Sergio Andrada 0-0: Ball
1-0: Ball
2-0: Ball
3-0: Called Strike
3-1: Base on Balls
Craig Alvarado to third
Rick Vallis to second
Batting: RHB Oscar Ramirez 0-0: Fly out, F6 (Line Drive, 6, EV 64.4 MPH)
Top of the 6th over - 0 runs, 0 hits, 0 errors, 3 left on base; New Jersey 3 - Canton 0
BOTTOM OF THE 6TH
Canton Indians batting - Pitching for New Jersey Devils : RHP Mark Johnson
Batting: RHB Xavier Bartolani 0-0: Foul Ball, location: 2F
0-1: Ground out 6-3 (Groundball, 6, EV 85.0 MPH)
Batting: RHB Willie Toral 0-0: Ball
1-0: SOLO HOME RUN (Flyball, 7D, EV 98.1 MPH), Distance : 394 ft
Batting: RHB Rob Marti 0-0: Foul Ball, location: 2F
0-1: Ball
1-1: Swinging Strike
1-2: Ground out 4-3 (Groundball, 4D, EV 96.9 MPH)
Batting: SHB Bob Ledlow 0-0: Called Strike
0-1: Called Strike
0-2: Foul Ball, location: 2F
0-2: Ball
1-2: Fly out, F8 (Line Drive, 8LM, EV 94.4 MPH)
Bottom of the 6th over - 1 run, 1 hit, 0 errors, 0 left on base; New Jersey 3 - Canton 1
TOP OF THE 7TH
New Jersey Devils batting - Pitching for Canton Indians : LHP Mario Roman
Batting: LHB Matt Reynolds 0-0: Ball
1-0: Ball
2-0: Foul Ball, location: 2F
2-1: Ball
3-1: Foul Ball, location: 2F
3-2: Fly out, F9 (Flyball, 9, EV 88.1 MPH)
Batting: SHB Ernesto Mazas 0-0: Called Strike
0-1: Foul Ball, location: 2F
0-2: Foul Ball, location: 2F
0-2: Ball
1-2: Foul Ball, location: 2F
1-2: Ball
2-2: Ball
3-2: Strikes out looking
Pitching: RHP Justin Johnson
Batting: RHB Jacob Olander 0-0: Ball
1-0: Foul Ball, location: 2F
1-1: Foul Ball, location: 2F
1-2: Ground out 5-3 (Groundball, 5, EV 79.4 MPH)
Top of the 7th over - 0 runs, 0 hits, 0 errors, 0 left on base; New Jersey 3 - Canton 1
BOTTOM OF THE 7TH
Canton Indians batting - Pitching for New Jersey Devils : RHP Mark Johnson
Batting: RHB Tony Gonzales 0-0: Ball
1-0: Swinging Strike
1-1: Called Strike
1-2: SINGLE (Groundball, 6M, EV 100.6 MPH) (infield hit)
Pinch Hitting: SHB Luis de Leon 0-0: Ball
1-0: DOUBLE (Flyball, 8LXD, EV 98.8 MPH)
Tony Gonzales to third
Runner from 3rd tries for Home, SAFE, throw by CF to home
Pinch Hitting: RHB Quan Tai 0-0: Sac Bunt to 13 - play at first, batter OUT! 1-3
Luis de Leon to third
Batting: RHB Ryan Paquette 0-0: Fly out, F8 (Flyball, 8LXD, EV 91.9 MPH)
Runner from 3rd tags up, SCORES, no throw by CF
Batting: SHB Jose Abreu 0-0: Called Strike
0-1: Ball
1-1: Ball
2-1: Foul Ball, location: 2F
2-2: Fly out, F9 (Flyball, 89S, EV 88.1 MPH)
Bottom of the 7th over - 2 runs, 2 hits, 0 errors, 0 left on base; New Jersey 3 - Canton 3
TOP OF THE 8TH
New Jersey Devils batting - Pitching for Canton Indians : RHP Justin Johnson
Now at 1B: Luis de Leon
Now in LF: Quan Tai
Batting: RHB Warren Carmichael 0-0: Ball
1-0: Foul Ball, location: 2F
1-1: Ball
2-1: Ground out 6-3 (Groundball, 6, EV 104.4 MPH)
Pitching: LHP Enrique Espinoza
Pinch Hitting: RHB Eric Zylstra 0-0: Called Strike
0-1: Ball
1-1: Ball
2-1: Foul Ball, location: 2F
2-2: Strikes out looking
Pitching: LHP Sam Johnson
Batting: RHB Craig Alvarado 0-0: Ball
1-0: Called Strike
1-1: Ball
2-1: Ball
3-1: Foul Ball, location: 2F
3-2: Strikes out swinging
Top of the 8th over - 0 runs, 0 hits, 0 errors, 0 left on base; New Jersey 3 - Canton 3
BOTTOM OF THE 8TH
Canton Indians batting - Pitching for New Jersey Devils : RHP Mark Johnson
Now in LF: Sergio Andrada
Now in CF: Ernesto Mazas
Now in RF: Kyle Verkamp
Batting: RHB Xavier Bartolani 0-0: Ground out 6-3 (Groundball, 6MD, EV 104.4 MPH)
Batting: RHB Willie Toral 0-0: Ball
1-0: Foul Ball, location: 2F
1-1: Foul Ball, location: 2F
1-2: Ground out U3 (Groundball, 3, EV 86.9 MPH)
Batting: RHB Rob Marti 0-0: Ground out 6-3 (Groundball, 6M, EV 92.5 MPH)
Bottom of the 8th over - 0 runs, 0 hits, 0 errors, 0 left on base; New Jersey 3 - Canton 3
TOP OF THE 9TH
New Jersey Devils batting - Pitching for Canton Indians : LHP Sam Johnson
Pitching: RHP Ryan Perkins
Pinch Hitting: RHB John Carpenter 0-0: Ball
1-0: Swinging Strike
1-1: SINGLE (Line Drive, 89S, EV 101.2 MPH)
Batting: RHB Sergio Andrada 0-0: Bunt missed!
0-1: Bunted foul
0-2: Foul Ball, location: 2F
0-2: Ball
1-2: Fly out, F7 (Flyball, 7LSF, EV 90.0 MPH)
Batting: RHB Oscar Ramirez 0-0: Ball
1-0: Ground out 3-1 (Groundball, 34S, EV 88.1 MPH)
John Carpenter to second
Pinch Hitting: RHB Juan Medina 0-0: Intentional Walk
Batting: SHB Ernesto Mazas 0-0: Called Strike
0-1: Swinging Strike
0-2: Ball
1-2: Foul Ball, location: 2F
1-2: Strikes out swinging
Top of the 9th over - 0 runs, 1 hit, 0 errors, 2 left on base; New Jersey 3 - Canton 3
BOTTOM OF THE 9TH
Canton Indians batting - Pitching for New Jersey Devils : RHP Mark Johnson
Now at C: Brian Jones
Now at 1B: Carlos Saldivar
Now at 3B: Warren Carmichael
Batting: SHB Bob Ledlow 0-0: Called Strike
0-1: Ball
1-1: Ball
2-1: Ball
3-1: Foul Ball, location: 2F
3-2: Fly out, F8 (Flyball, 78D, EV 96.2 MPH)
Batting: RHB Tony Gonzales 0-0: Ball
1-0: Foul Ball, location: 2F
1-1: Foul Ball, location: 2F
1-2: Strikes out looking
Batting: SHB Luis de Leon 0-0: Fly out, F8 (Flyball, 8LM, EV 88.8 MPH)
Bottom of the 9th over - 0 runs, 0 hits, 0 errors, 0 left on base; New Jersey 3 - Canton 3
TOP OF THE 10TH
New Jersey Devils batting - Pitching for Canton Indians : RHP Ryan Perkins
Batting: RHB Jacob Olander 0-0: Ball
1-0: Foul Ball, location: 2F
1-1: Foul Ball, location: 2F
1-2: Hit by Pitch
Batting: RHB Warren Carmichael 0-0: Ball
1-0: DOUBLE (Line Drive, 9LM, EV 106.2 MPH)
Jacob Olander to third
Batting: RHB Kyle Verkamp 0-0: Intentional Walk
Batting: RHB Craig Alvarado 0-0: Called Strike
0-1: Ball
1-1: Called Strike
1-2: DOUBLE (Line Drive, 89D, EV 114.4 MPH)
Jacob Olander scores
Warren Carmichael scores
Kyle Verkamp to third
Batting: RHB Carlos Saldivar 0-0: Ball
1-0: Fly out, F8 (Flyball, 89D, EV 106.2 MPH)
Runner from 3rd tags up, SCORES, throw by CF
Craig Alvarado to third
Batting: RHB Sergio Andrada 0-0: Intentional Walk
Batting: RHB Oscar Ramirez 0-0: Called Strike
0-1: Called Strike
0-2: Foul Ball, location: 2F
0-2: Fly out, F9 (Flyball, 9, EV 95.6 MPH)
Batting: RHB Brian Jones 0-0: SINGLE (Groundball, 56D, EV 103.1 MPH)
Craig Alvarado scores
Sergio Andrada to second
Pitching: RHP Julian Hernandez
Batting: SHB Ernesto Mazas 0-0: Ball
1-0: Called Strike
1-1: Ball
2-1: Foul Ball, location: 2F
2-2: 3-RUN HOME RUN (Line Drive, 9D, EV 103.1 MPH), Distance : 400 ft
Batting: RHB Jacob Olander 0-0: Fly out, F7 (Flyball, 78D, EV 101.9 MPH)
Top of the 10th over - 7 runs, 4 hits, 0 errors, 0 left on base; New Jersey 10 - Canton 3
BOTTOM OF THE 10TH
Canton Indians batting - Pitching for New Jersey Devils : RHP Mark Johnson
Pitching: RHP Kenbede Sellimi
Pinch Hitting: RHB Aubrey Regimbald 0-0: Called Strike
0-1: Reached on error, E3 (Groundball, 34, EV 101.9 MPH)
Pinch Hitting: LHB Mike Humfleet 0-0: Ball
1-0: Called Strike
1-1: Ball
2-1: Ball
3-1: Called Strike
3-2: Foul Ball, location: 2F
3-2: Strikes out looking
Pinch Hitting: RHB Joe Bauer 0-0: Ball
1-0: Foul Ball, location: 2F
1-1: Called Strike
1-2: Ball
2-2: Ball
3-2: Foul Ball, location: 2F
3-2: Strikes out swinging
Pinch Hitting: RHB Jonathan Johnstad 0-0: Ball
1-0: Ball
2-0: Called Strike
2-1: SINGLE (Groundball, 56D, EV 102.5 MPH)
Aubrey Regimbald to second
Pinch Hitting: RHB Manuel de los Santos 0-0: Called Strike
0-1: Foul Ball, location: 2F
0-2: Ball
1-2: DOUBLE (Flyball, 89D, EV 90.0 MPH)
Aubrey Regimbald scores
Jonathan Johnstad to third
Batting: RHB Rob Marti 0-0: Ball
1-0: Ball
2-0: Foul Ball, location: 2F
2-1: Hit by Pitch
Batting: SHB Bob Ledlow 0-0: Foul Ball, location: 2F
0-1: Ball
1-1: Ball
2-1: Ball
3-1: Base on Balls
Jonathan Johnstad scores
Manuel de los Santos to third
Rob Marti to second
Batting: RHB Tony Gonzales 0-0: Ball
1-0: Ball
2-0: Ball
3-0: Called Strike
3-1: Called Strike
3-2: Strikes out looking
Bottom of the 10th over - 2 runs, 2 hits, 1 error, 3 left on base; New Jersey 10 - Canton 5
Tuesday, March 28th , 2023 - OOTP Baseball 23.10 Build 110